 Dungeon Crawl Stone Soup version 0.26-a0-663-g36e8fdb655 (webtiles) character file.

Game seed: 7114194415136838263

1811 vortex the Magician (level 8, -3/46 HPs)
             Began as a Deep Elf Fire Elementalist on Oct 12, 2020.
             Was an Initiate of Vehumet.
             Slain by an orc warrior
             ... wielding a +0 mace
              (20 damage)
             ... on level 7 of the Dungeon.
             The game lasted 00:21:40 (7604 turns).

vortex the Magician (Deep Elf Fire Elementalist)    Turns: 7604, Time: 00:21:40

Health: -3/46      AC:  4    Str:  5    XL:     8   Next: 84%
Magic:  13/19      EV: 15    Int: 23    God:    Vehumet [......]
Gold:   365        SH:  0    Dex: 15    Spells: 6/19 levels left

rFire    + + .     SeeInvis .   j - +0 short sword (holy)
rCold    . . .     Faith    .   (no shield)
rNeg     . . .     Spirit   .   a - +0 robe
rPois    .         Reflect  .   C - +0 helmet
rElec    .         Harm     .   y - scarf {repulsion}
rCorr    .         Rampage  .   t - +0 pair of gloves
MR       .....                  (no boots)
Stlth    +++.......             (no amulet)
HPRegen  0.15/turn              h - ring of protection from fire
MPRegen  0.16/turn              q - ring of protection from fire

@: repel missiles
A: no striking features
a: Renounce Religion


You were on level 7 of the Dungeon.
You worshipped Vehumet.
Vehumet was noncommittal.
You visited 2 branches of the dungeon, and saw 8 of its levels.

You collected 365 gold pieces.

Inventory:

Hand Weapons
 j - a +0 short sword of holy wrath (weapon)
Missiles
 u - 35 poisoned darts (quivered)
Armour
 a - a +0 robe (worn)
 t - a +0 pair of gloves (worn)
 y - a scarf of repulsion (worn)
 C - a +0 helmet (worn)
Jewellery
 h - a ring of protection from fire (left hand)
 q - a ring of protection from fire (right hand)
Wands
 D - a wand of paralysis (6)
Scrolls
 c - 2 scrolls of blinking {unknown}
 d - 2 scrolls of immolation {unknown}
 e - 4 scrolls of remove curse
 k - 2 scrolls of teleportation {unknown}
 l - a scroll of amnesia {unknown}
 n - a scroll of magic mapping {unknown}
 o - 3 scrolls of identify {unknown}
 p - 3 scrolls of fear
 s - 2 scrolls of enchant armour {unknown}
 B - a scroll of acquirement {unknown}
Potions
 b - 2 potions of might {unknown}
 f - a potion of ambrosia {unknown}
 g - 3 potions of lignification {unknown}
 i - 3 potions of curing {unknown}
 m - a potion of berserk rage {unknown}
 r - 2 potions of mutation {unknown}
 v - 2 potions of resistance {unknown}
 w - 4 potions of brilliance {unknown}
 x - a potion of degeneration {unknown}
 z - a potion of magic {unknown}
 A - a potion of heal wounds {unknown}


   Skills:
 + Level 3.1 Fighting
 - Level 2.0 Short Blades
 - Level 2.0 Throwing
 + Level 1.6 Armour
 + Level 5.4 Dodging
 + Level 5.6 Stealth
 + Level 6.0 Spellcasting
 * Level 5.7 Conjurations
 + Level 5.6 Fire Magic
 + Level 1.6 Evocations


You had 6 spell levels left.
You knew the following spells:

 Your Spells              Type           Power        Failure   Level
a - Foxfire               Conj/Fire      ####         1%          1
b - Conjure Flame         Conj/Fire      ####....     2%          3
c - Sticky Flame          Conj/Fire      ####....     9%          4
d - Fireball              Conj/Fire      ####......   22%         5

Your spell library contained the following spells:

 Spells                   Type           Power        Failure   Level
 Inner Flame              Hex/Fire       ###.....     8%          3


Dungeon Overview and Level Annotations

Branches:
Dungeon (7/15)             Temple (1/1) D:5

Altars:
Ashenzari
Cheibriados
Elyvilon
Fedhas
Kikubaaqudgha
Qazlal
Ru
Trog
Uskayaw
Vehumet
Wu Jian
Xom
Zin


Message History

Your Spellcasting skill increases to level 6!
Your Evocations skill increases to level 1!
You feel a bit more experienced.
A centaur comes into view.
An orc comes into view. It is wielding a +2 dagger of venom.
The foxfire hits the orc warrior.
The orc warrior is lightly wounded.
The foxfire hits the orc warrior.
The orc warrior is moderately wounded.
There is a large open door here.
The orc warrior closely misses you.
The centaur wields a +0 shortbow.
The centaur shoots an arrow.
The arrow hits you.
You see here an arrow.
The centaur shoots an arrow.
The arrow closely misses you.
You see here an arrow.
The centaur shoots an arrow.
The arrow misses you.
There is a stone staircase leading up here.
The orc warrior hits you with a +0 mace!!
You die...

############ #..........#
#.########.# ####.# #.#
.....## #.# ......# #.#
#.....# #.############
......#######.#c.........#
#.....^......†.o@#######.##
#.............##..........#
###..########.##########..#
#..#.## #c# #..# #...#.##
#.# ##..###
###.<###.####(### #.....#
....## ##.......# #...#.###
###..###.#####..# #........
#.#.#.## #o.#######...#.###


You could see an orc warrior and a centaur.

Vanquished Creatures
  An unseen horror (D:7)
  A phantom (D:6)
  4 ogres
  A bullfrog (D:6)
  A water moccasin zombie (D:6)
  2 scorpions
  A howler monkey (D:4)
  3 hounds
  A quasit (D:6)
  A jelly (D:5)
  An orc priest (D:5)
  A centaur skeleton (D:4)
  2 iguanas (D:4)
  4 orc wizards
  2 worker ants
  A hound skeleton (D:5)
  4 adders
  2 shadow imps (D:6)
  4 white imps
  A worm (D:3)
  An adder skeleton (D:4)
  A dart slug (D:1)
  4 leopard geckos
  11 orcs
  5 giant cockroaches
  8 goblins
  7 hobgoblins
  10 jackals
  6 quokkas
  4 bats
  3 frilled lizards
  9 kobolds
  A quokka zombie (D:5)
  6 rats
114 creatures vanquished.

Vanquished Creatures (others)
  575 foxfires
575 creatures vanquished.

Grand Total: 689 creatures vanquished

Notes
Turn   | Place    | Note
-------+----------+-------------------------------------------
     0 | D:1      | vortex the Deep Elf Fire Elementalist began the quest for
                  | the Orb.
     0 | D:1      | Reached XP level 1. HP: 10/10 MP: 6/6
   343 | D:1      | Reached XP level 2. HP: 10/15 MP: 2/8
  1026 | D:1      | Reached XP level 3. HP: 20/20 MP: 5/9
  1149 | D:1      | Learned a level 3 spell: Conjure Flame
  1183 | D:2      | Reached skill level 1 in Fighting
  1420 | D:2      | Reached XP level 4. HP: 25/25 MP: 7/11
  2079 | D:2      | Learned a level 4 spell: Sticky Flame
  2721 | D:3      | Reached skill level 1 in Short Blades
  3273 | D:4      | Reached XP level 5. HP: 14/29 MP: 5/12
  3448 | D:4      | Noticed an ogre
  3458 | D:4      | Killed an ogre
  3458 | D:4      | Reached skill level 4 in Spellcasting
  3816 | D:4      | Reached XP level 6. HP: 35/35 MP: 10/14
  4732 | D:5      | Entered Level 5 of the Dungeon
  4805 | D:5      | Found a staircase to the Ecumenical Temple.
  4812 | Temple   | Entered the Ecumenical Temple
  4836 | Temple   | Became a worshipper of Vehumet
  4895 | D:5      | Reached skill level 1 in Throwing
  4985 | D:5      | Reached XP level 7. HP: 38/40 MP: 11/15
  6019 | D:5      | Learned a level 5 spell: Fireball
  6023 | D:6      | Reached skill level 5 in Spellcasting
  6242 | D:6      | Reached skill level 5 in Fire Magic
  6333 | D:6      | Reached XP level 8. HP: 45/45 MP: 10/17
  6856 | D:6      | Reached skill level 5 in Stealth
  7494 | D:7      | Reached skill level 1 in Armour
  7494 | D:7      | Reached skill level 5 in Conjurations
  7578 | D:7      | Killed an unseen horror
  7578 | D:7      | Reached skill level 5 in Dodging
  7578 | D:7      | Reached skill level 6 in Spellcasting
  7578 | D:7      | Reached skill level 1 in Evocations
  7604 | D:7      | Slain by an orc warrior

Illustrated notes

Levels and vault maps discovered:
D:1:      dpeg_arrival_court, layout_loops_ring, minmay_crystal_room,
          chequers_serial_rivers_marsh, fountainhead, minmay_pentomino_q4
D:2:      layout_rooms
D:3:      layout_basic
D:4:      layout_loops_ring, st_stairs_7
D:5:      layout_basic, minmay_temple_entry_waves
D:6:      layout_loops_corners, grunt_ministairs_9
D:7:      kennysheep_big_flooded_room, layout_loops_ring, uniq_harold
Temple:   nicolae_temple_the_god_donut

Skill      XL: |  1  2  3  4  5  6  7  8 |
---------------+-------------------------+-----
Fighting       | 1 2 3 |  3.1
Stealth        | 3 4 5 |  5.6
Conjurations   | 2 3 4 5 |  5.7
Dodging        | 3 4 5 |  5.4
Short Blades   | 1 2 |  2.0
Fire Magic     | 4 5 |  5.6
Spellcasting   | 4 5 6 |  6.0
Throwing       | 1 2 |  2.0
Armour         | 1 |  1.6
Evocations     | 1 |  1.6

Action                   |  1- 3 |  4- 6 |  7- 9 || total
-------------------------+-------+-------+-------++-------
Melee: Club              |     2 |       |       ||     2
       Short sword       |     1 |    10 |    10 ||    21
Throw: Dart              |       |     4 |     1 ||     5
 Cast: Foxfire           |    77 |   148 |   117 ||   342
       Conjure Flame     |       |       |     1 ||     1
  Use: Scroll            |       |       |     2 ||     2
 Stab: Sleeping          |       |     1 |     2 ||     3
Armor: Robe              |       |     3 |    12 ||    15
Dodge: Dodged            |     4 |    11 |    37 ||    52

Table legend: (Time is in decaauts)
 A = Elapsed time spent in this place.
 B = Non-inter-level travel time spent in this place.
 C = Inter-level travel time spent in this place.
 D = Time resting spent in this place.
 E = Time spent auto-exploring this place.
 F = Levels seen in this place.
 G = Mean time per level.
                   A        B        C        D        E       F      G
               +--------+--------+--------+--------+--------+-----+--------+
         Total |   7607 |   7339 |    268 |      8 |   6463 |   8 |  950.9 |
       Dungeon |   7559 |   7321 |    238 |      8 |   6447 |   7 | 1079.9 |
        Temple |     48 |     18 |     30 |      0 |     16 |   1 |   48.0 |
               +--------+--------+--------+--------+--------+-----+--------+

Top non-repeatable levels by time:
     D:4: 1525 daAuts
     D:6: 1273 daAuts
     D:5: 1239 daAuts
     D:1: 1155 daAuts
     D:3: 1125 daAuts
     D:2: 929 daAuts
     D:7: 309 daAuts
  Temple: 48 daAuts
